 Dungeon Crawl Stone Soup version 0.31-a0-977-gc230f8ef24 (webtiles) character file.

Game seed: 15402298222677982717

605 pokeman the Magician (level 7, -2/38 HPs)
             Began as a Deep Elf Hedge Wizard on Oct 28, 2023.
             Slain by a hobgoblin
             ... wielding a +0 dagger
              (3 damage)
             ... on level 4 of the Dungeon on Oct 29, 2023.
             The game lasted 00:08:28 (4048 turns).

pokeman the Magician (Deep Elf Hedge Wizard)        Turns: 4048, Time: 00:08:29

Health: -2/38      AC:  4    Str:  7    XL:     7   Next: 19%
Magic:  15/19      EV: 12    Int: 21    God:
Gold:   152        SH:  0    Dex: 14    Spells: 12/20 levels left

rFire   . . .        t - +0 whip (venom)
rCold   + . .        (no shield)
rNeg    . . .        a - +1 leather armour {rC+}
rPois   .            c - +0 hat
rElec   .            (no cloak)
rCorr   .            (no gloves)
SInv    .            (no boots)
Will    .....        (no amulet)
Stlth   ++           p - ring of flight
HPRegen 0.26/turn    (no ring)
MPRegen 0.16/turn

%: no passive effects
@: lethally poisoned (-2 -> -28), flying
A: no striking features
a: no special abilities


You were on level 4 of the Dungeon.
You visited 1 branch of the dungeon, and saw 4 of its levels.

You collected 152 gold pieces.

Inventory:

Hand Weapons
 t - a +0 whip of venom (weapon)
Missiles
 g - a throwing net
Armour
 a - a +1 leather armour of cold resistance (worn)
 c - a +0 hat (worn)
Jewellery
 p - a ring of flight (left hand)
Scrolls
 f - 2 scrolls of silence {unknown}
 k - a scroll of immolation {unknown}
 m - a scroll of poison {unknown}
 o - a scroll of brand weapon {unknown}
 r - a scroll of vulnerability {unknown}
 s - a scroll of blinking {unknown}
Potions
 b - a potion of invisibility {unknown}
 d - a potion of magic
 e - 2 potions of curing {unknown}
 h - a potion of cancellation {unknown}
 i - 2 potions of resistance {unknown}
 j - 4 potions of lignification {unknown}
 l - 4 potions of brilliance {unknown}
 n - 2 potions of mutation {unknown}
 q - a potion of attraction {unknown}


   Skills:
 + Level 1.5 Fighting
 - Level 1.0 Armour
 - Level 3.1 Dodging
 - Level 3.0 Stealth
 * Level 7.0 Spellcasting
 + Level 5.5 Conjurations
 - Level 1.1 Summonings
 - Level 1.1 Translocations
 + Level 1.2 Air Magic
 - Level 1.0 Poison Magic


You had 12 spell levels left.
You knew the following spells:

 Your Spells              Type           Power      Damage    Failure   Level
a - Magic Dart            Conj           100%       1d8       1%          1
b - Mephitic Cloud        Conj/Pois/Air  18%        N/A       13%         3
c - Call Imp              Summ           24%        N/A       12%         2
d - Blink                 Tloc           24%        N/A       12%         2

Your spell library contained the following spells:

 Spells                   Type           Power      Damage    Failure   Level
 Slow                     Hex            28%        N/A       13%         1
 Cigotuvi's Dreadful Rot  Necr/Pois/Air  20%        N/A       14%         2


Dungeon Overview and Level Annotations

Branches:
Dungeon (4/15)
 Temple: D:4-7

Altars:
Gozag
Makhleb
Nemelex Xobeh
Okawaru
Uskayaw


Message History

The orc hits your cerulean imp with a +0 mace.
Your Spellcasting skill increases to level 7!
Unknown command.
You swap places.
The orc barely misses you.
Things that are here:
a +0 whip; a +0 robe; a wand of polymorph (9)
You hit the orc but do no damage.
The orc is poisoned.
The orc is lightly wounded.
The orc hits you with a +0 mace.
You barely miss the orc.
The orc is heavily wounded.
The orc hits you but does no damage.
You completely miss the orc.
The orc is severely wounded.
The orc hits you but does no damage.
You hit the orc but do no damage.
The orc looks as sick as possible!
The orc is severely wounded.
The orc closely misses you.
You hit the orc.
You kill the orc!
You barely miss the hobgoblin. The hobgoblin closely misses you.
The orc closely misses you.
You closely miss the hobgoblin.
You punch the hobgoblin, but do no damage.
The hobgoblin barely misses you. The orc completely misses you.
You closely miss the hobgoblin.
The hobgoblin hits you with a +0 dagger.
The orc hits you from afar with a +0 trident of venom.
You are lethally poisoned!
You hit the hobgoblin.
The hobgoblin is lightly wounded.
* * * LOW HITPOINT WARNING * * *
You feel very sick.
The hobgoblin hits you with a +0 dagger.
* * * LOW HITPOINT WARNING * * *
The orc hits you from afar with a +0 trident of venom.
* * * LOW HITPOINT WARNING * * *
You are more poisoned.
The hobgoblin hits you with a +0 dagger.
You die...

#.# #.#.# #.#
#.... #.# ###.#
###.# #.# ..#.##
#.# #..#<#####.#
#.###......#######
#.)#............5#
..#.#.##########@#
.####.# #g# .# #.#
#o# .# #.# .g. )#
#.# #.# .# #.# ...
.# #^# #.# .. ...
..# .. ...


You could see an orc (ally target), 2 hobgoblins and a friendly cerulean imp
(summoned).

Vanquished Creatures
  A scorpion (D:4)
  A howler monkey (D:4)
  A hound (D:4)
  2 iguanas (D:4)
  Natasha (D:4)
  2 orc wizards
  3 gnolls
  5 adders
  12 orcs
  10 ball pythons
  6 bats
  9 endoplasms
  5 giant cockroaches
  10 goblins
  8 hobgoblins
  6 jackals
  6 kobolds
  5 quokkas (D:1)
  2 frilled lizards (D:1)
  5 rats
100 creatures vanquished.

Vanquished Creatures (collateral kills)
  Sigmund (D:2)
1 creature vanquished.

Grand Total: 101 creatures vanquished

Notes
Turn   | Place    | Note
-------+----------+-------------------------------------------
     0 | D:1      | pokeman the Deep Elf Hedge Wizard began the quest for the
                  | Orb.
     0 | D:1      | Reached XP level 1. HP: 10/10 MP: 7/7
   294 | D:1      | Reached XP level 2. HP: 16/16 MP: 6/9
   591 | D:1      | Reached skill level 5 in Spellcasting
   827 | D:1      | Reached XP level 3. HP: 20/20 MP: 6/11
   831 | D:1      | Learned a level 3 spell: Mephitic Cloud
   834 | D:1      | Learned a level 2 spell: Call Imp
   837 | D:1      | Learned a level 2 spell: Blink
  1346 | D:2      | Found a faded altar of an unknown god.
  1355 | D:1      | Reached skill level 1 in Fighting
  1408 | D:1      | Reached skill level 1 in Armour
  1523 | D:2      | Reached XP level 4. HP: 10/25 MP: 0/13
  1939 | D:2      | Noticed Sigmund
  1966 | D:2      | Killed Sigmund
  1967 | D:2      | Reached skill level 5 in Conjurations
  1967 | D:2      | Reached XP level 5. HP: 23/29 MP: 5/15
  2081 | D:2      | Reached XP level 6. HP: 34/34 MP: 14/16
  2772 | D:3      | Found an iron altar of Okawaru.
  3066 | D:3      | Reached skill level 6 in Spellcasting
  3162 | D:3      | Found a sparkling altar of Nemelex Xobeh.
  3162 | D:3      | Found an opulent altar of Gozag.
  3163 | D:3      | Upgraded the game from 0.31-a0-971-g75a2e9a4b4 to
                  | 0.31-a0-977-gc230f8ef24
  3336 | D:3      | Found a hide-covered altar of Uskayaw.
  3652 | D:4      | Found a burning altar of Makhleb.
  3664 | D:4      | Reached skill level 1 in Poison Magic
  3864 | D:4      | Noticed Natasha
  3879 | D:4      | Killed Natasha
  4016 | D:4      | Reached skill level 1 in Air Magic
  4016 | D:4      | Reached XP level 7. HP: 33/38 MP: 15/19
  4039 | D:4      | Reached skill level 7 in Spellcasting
  4048 | D:4      | HP: 1/38 [orc/+0 trident of venom (5)]
  4048 | D:4      | Slain by a hobgoblin

Illustrated notes

Levels and vault maps discovered:
D:1:      lemuel_arrival_tunnels, layout_basic, hex_tiny
D:2:      layout_loops_cross, basic_ecumenical_altar, uniq_sigmund
D:3:      layout_basic, grunt_temple_overflow_opulence,
          mainiacjoe_overflow_alcove_1, mainiacjoe_overflow_24_doors,
          minmay_increasing_density
D:4:      layout_loops_ring, mainiacjoe_overflow_six_doors_small,
          roderic_roman_lattice, uniq_natasha

Skill      XL: |  1  2  3  4  5  6  7 |
---------------+----------------------+-----
Spellcasting   | 5 6 7 |  7.0
Fighting       | 1 |  1.5
Armour         | 1 |  1.0
Conjurations   | 2 5 |  5.5
Stealth        | 3 |  3.0
Dodging        | 3 |  3.1
Poison Magic   | 1 |  1.0
Air Magic      | 1 |  1.2
Summonings     | |  1.1
Translocations | |  1.1

Action                     |  1- 3 |  4- 6 |  7- 9 || total
---------------------------+-------+-------+-------++-------
  Melee: Dagger            |    21 |    13 |       ||    34
         Whip              |       |    31 |    25 ||    56
         Punch             |       |     1 |     2 ||     3
   Cast: Magic Dart        |    88 |   113 |       ||   201
         Mephitic Cloud    |     2 |     8 |     1 ||    11
         Call Imp          |       |     1 |     1 ||     2
   Stab: Confused          |     1 |     3 |       ||     4
 Armour: Robe              |    26 |    13 |       ||    39
         Leather armour    |       |    16 |    18 ||    34
  Dodge: Dodged            |    24 |    25 |    15 ||    64

Table legend: (Time is in decaauts)
 A = Elapsed time spent in this place.
 B = Non-inter-level travel time spent in this place.
 C = Inter-level travel time spent in this place.
 D = Time resting spent in this place.
 E = Time spent auto-exploring this place.
 F = Levels seen in this place.
 G = Mean time per level.
                   A        B        C        D        E       F      G
               +--------+--------+--------+--------+--------+-----+--------+
         Total |   4055 |   3972 |     83 |    258 |   3134 |   4 | 1013.8 |
       Dungeon |   4055 |   3972 |     83 |    258 |   3134 |   4 | 1013.8 |
               +--------+--------+--------+--------+--------+-----+--------+

Top non-repeatable levels by time:
     D:1: 1537 daAuts
     D:2: 1122 daAuts
     D:3: 879 daAuts
     D:4: 516 daAuts
